Jeanne, lawful female human Knight . .. .... .... ... - - -. -.. -... -...--- ..- . | | | | |. |. |.. |.. |... |...|^|...| .. . -+-. -+-.. -+-. -+-.. -+-...-+-...-+-*.s-+-...-+-...-+-...-.-...-+-..* ...*............................*......................*......*............ ...................*.............*................................**....... ...*............*......*.. #.............................*................. ........*..*........*............*......................................... ...*........................................................#.............. .. #.........*......................*..........*........................ .................*........*...........*............*....................... .........*................................................................. ....................*...*..............*................................... ....*.....*.....................*..........................*............... ................... #..................................#...............*.. .................*..............................................*.*........ *..............................*................*......*....*......*....... . -+- -+-. -+-.. -+-.. -+-.. -+-...-+-...-+-...-+-...-@-...-+-...-+-... | | | | |. |. |.. |...|.|...| ...| .. - - -. -*. ---..*- ...- .* . ... ...* ...* . Jeanne the Gallant Experience level: 1 Strength: 15 Dexterity: 9 Constitution: 11 Intelligence: 9 Wisdom: 14 Charisma: 17 Health: 16(16) Energy: 6(6) Def: 7 Gold: 9 Moves: 250 Dungeon seed: T43YewdDRj9cDC9q Game ID: Jeanne_1448922324 Your Inventory: Coins $ - 9 gold pieces Weapons a - a +1 long sword (weapon in hand) b - a +1 lance Armor e - an uncursed +1 ring mail (being worn) n - an uncursed +0 helmet (being worn) q - an uncursed +0 small shield (being worn) r - an uncursed +0 pair of leather gloves (being worn) Comestibles d - 11 uncursed apples f - 13 uncursed carrots g - 2 uncursed sprigs of wolfsbane h - an uncursed lichen corpse i - an uncursed food ration Wands c - a wand of undead turning (0:5) Spells and supernatural/magical abilities: Name Level Category Fail Memory W - pray for help -- divine ? -- X - turn undead -- divine ? -- Y - supernatural jump -- ability ? -- Your skills at the end: Miscellaneous Skills shield [Basic] wands [Basic] riding [Basic] Weapon Skills long sword [Basic] polearms [Basic] Spellcasting Skills Final Attributes: You were fervently aligned. You could jump. You survived. Vanquished creatures: a newt a lichen 2 kobold zombies 4 creatures vanquished. Voluntary challenges: You went without food. You did not adorn yourself with jewelry or accessories. You used a wielded weapon 4 times, starting on turn 26. You did not use containers. You did not apply a unicorn horn. You were illiterate. You never genocided any monsters. You never polymorphed an object. You never changed form. You used no wishes. You never split a pudding. You never wrote Elbereth's name. You violated your moral code, losing 1 point of alignment, starting on turn 26. Dungeon overview: The Dungeons of Doom: levels 1 to 2 Level 1 a long staircase Level 2 a fountain, a sink portal to Advent Calendar Advent Calendar: Level 5 <- You were here many trees portal to The Dungeons of Doom History has recorded: On T:1 you entered the Dungeons of Doom to retrieve the Amulet of Yendor! On T:40 you reached level 2 of The Dungeons of Doom. On T:229 you reached level 1 of Advent Calendar. Score breakdown: Gold: 9 ( 0 points) Experience: 1 level ( 0 points) Exploration: 5 levels ( 120 points) Discoveries: 1 item ( 50 points) Variety of kills: 3 monsters ( 150 points) Major goal: (nothing yet) ( 0 points) Survival: quit (score multiplied by 3) Total score: 960 Latest messages: A tree. Pick an object. Never mind. Pick an object. Never mind. g - 2 sprigs of wolfsbane. To quit the game, use the 'save' command (typically on 'S'). Final status: Fare thee well Jeanne the Knight, quit... You quit in Advent Calendar on dungeon level 5 with 960 points, and 9 pieces of gold, after 250 moves. You were level 1 with a maximum of 16 hit points when you quit.